 Dungeon Crawl Stone Soup version 0.25-a0-930-g9f5dfa9815 (webtiles) character file.

Game seed: 12547815669044826551, levelgen mode: deterministic

189234 tilp the Sharpshooter (level 19, -5/121 HPs)
             Began as a Kobold Arcane Marksman on May 2, 2020.
             Was the Champion of Okawaru.
             Slain by a guardian serpent (21 damage)
             ... on level 4 of the Snake Pit on May 3, 2020.
             The game lasted 01:56:16 (54067 turns).

tilp the Sharpshooter (Kobold Arcane Marksman)     Turns: 54067, Time: 01:56:16

Health: -5/121     AC: 22    Str: 11    XL:     19   Next: 28%
Magic:  28/28      EV: 22    Int: 18    God:    Okawaru [******]
Gold:   1435       SH:  4    Dex: 19    Spells: 15/30 levels left

rFire    . . .     SeeInvis .   a - +4 arbalest (freeze)
rCold    . . .     Gourm    .   (shield currently unavailable)
rNeg     . . .     Faith    .   e - +3 leather armour {rPois}
rPois    +         Spirit   .   S - +2 helmet
rElec    .         Reflect  +   g - +2 cloak
rCorr    .         Harm     .   R - +2 pair of gloves {Dex+3}
MR       +....                  J - +2 pair of boots
Stlth    ++++......             P - +4 amulet of reflection
HPRegen  0.30/turn              Y - +3 ring of slaying
MPRegen  0.21/turn              V - +4 ring of protection

@: lethally poisoned (-5 -> -6), slowed, constricted, very slow
A: small, carnivore
a: Heroism, Finesse, Renounce Religion


You were on level 4 of the Snake Pit.
You worshipped Okawaru.
Okawaru was exalted by your worship.
You were not hungry.

You visited 5 branches of the dungeon, and saw 28 of its levels.
You also visited: Sewer and Ice Cave.

You collected 2676 gold pieces.
You spent 1241 gold pieces at shops.

Inventory:

Hand Weapons
 a - a +4 arbalest of freezing (weapon)
 b - a +9 vorpal demon trident
 E - the +9 heavy crossbow "Sniper" {vorpal, Acc+∞ SInv}
   (Okawaru gifted it to you in an ice cave)

   Any bolt fired from it inflicts extra damage.
   It lets you see invisible.
Missiles
 d - 262 bolts (quivered)
 I - 2 throwing nets {!f}
 Q - 35 boomerangs
Armour
 e - a +3 leather armour of poison resistance (worn)
 g - a +2 cloak (worn)
 y - the +1 pair of gloves of the Equator {rF+}
   (Okawaru gifted it to you on level 4 of the Snake Pit)

   It protects you from fire.
 F - the +3 leather armour of Lilacs {Str+2 Slay+2}
   (You found it on level 6 of the Dungeon)

   It affects your strength (+2).
   It affects your accuracy and damage with ranged weapons and melee attacks
   (+2).
 J - a +2 pair of boots (worn)
 R - a +2 pair of gloves of dexterity (worn)
 S - a +2 helmet (worn)
 W - the +7 chain mail "Ahualeyst" {MR+ Stlth+}
   (Okawaru gifted it to you on level 2 of the Lair of Beasts)

   It affects your resistance to hostile enchantments.
   It makes you more stealthy.
 X - the +0 hat of Zinack Ceuck {rElec}
   (Okawaru gifted it to you on level 11 of the Dungeon)

   It insulates you from electricity.
Jewellery
 h - an uncursed ring of protection from fire
 l - an uncursed ring of see invisible
 N - an uncursed ring of protection from cold
 P - a +4 amulet of reflection (around neck)
 V - a +4 ring of protection (right hand)
 Y - a +3 ring of slaying (left hand)
Wands
 B - a wand of scattershot (12)
 C - a wand of digging (13)
 K - a wand of flame (36)
 L - a wand of paralysis (15)
 M - a wand of polymorph (6)
 O - a wand of clouds (4)
 U - a wand of iceblast (9)
Scrolls
 i - 6 scrolls of fear
 k - 10 scrolls of teleportation
 n - 2 scrolls of amnesia
 s - 4 scrolls of blinking
 t - 7 scrolls of fog
 u - 3 scrolls of magic mapping
 z - 5 scrolls of identify
 G - 4 scrolls of remove curse
 Z - 2 scrolls of enchant armour
Potions
 f - 14 potions of curing
 j - 4 potions of invisibility
 o - 3 potions of magic
 p - 3 potions of heal wounds
 r - 4 potions of resistance
 v - 4 potions of mutation
 w - 9 potions of brilliance
 x - 6 potions of flight
 A - 5 potions of cancellation
 D - 5 potions of might
 H - 2 potions of berserk rage
 T - 3 potions of haste
Comestibles
 c - 45 rations


   Skills:
 + Level 14.3 Fighting
 - Level 14.0 Polearms
 - Level 18.0 Crossbows
 - Level 12.0 Dodging
 - Level 8.0 Stealth
 - Level 6.0 Spellcasting
 - Level 10.0 Hexes
 - Level 12.0 Invocations
 - Level 8.0 Evocations


You had 15 spell levels left.
You knew the following spells:

 Your Spells              Type           Power        Failure   Level  Hunger
a - Corona                Hex            #####..      1%          1    None
b - Slow                  Hex            #####...     1%          2    None
c - Portal Projectile     Hex/Tloc       ###...       6%          3    ##.....
d - Cause Fear            Hex            #####.....   2%          4    ####...
e - Tukima's Dance        Hex            #####...     1%          3    ##.....
f - Ensorcelled Hibernat  Hex/Ice        ###...       3%          2    None

Your spell library contained the following spells:

 Spells                   Type           Power        Failure   Level  Hunger
 Confusing Touch          Hex            #####...     1%          3    ##.....
 Dazzling Flash           Conj/Hex       ###...       6%          3    ##.....
 Inner Flame              Hex/Fire       ###.....     6%          3    ##.....
 Summon Guardian Golem    Hex/Summ       ###.....     6%          3    ##.....
 Animate Skeleton         Necr           N/A          16%         1    None
 Apportation              Tloc           #.....       16%         1    None
 Freeze                   Ice            #...         16%         1    None
 Pain                     Necr           #...         16%         1    None
 Sandblast                Erth           #.....       16%         1    None
 Shock                    Conj/Air       #...         16%         1    None
 Summon Butterflies       Summ           #.......     16%         1    None
 Summon Small Mammal      Summ           #...         16%         1    None
 Leda's Liquefaction      Hex/Erth       ###.......   21%         4    ####...
 Call Imp                 Summ           #.......     24%         2    None
 Passwall                 Tmut/Erth      #.......     24%         2    None
 Swiftness                Chrm/Air       #.......     24%         2    None
 Darkness                 Hex            #####.....   36%         6    #######
 Invisibility             Hex            #####...     36%         6    #######
 Call Canine Familiar     Summ           #.......     43%         3    ##.....
 Frozen Ramparts          Ice            #.....       43%         3    ##.....
 Lesser Beckoning         Tloc           #.........   43%         3    ##.....
 Ozocubu's Armour         Chrm/Ice       #.......     43%         3    ##.....
 Static Discharge         Conj/Air       #.......     43%         3    ##.....
 Stone Arrow              Conj/Erth      #.....       43%         3    ##.....
 Vampiric Draining        Necr           #.........   43%         3    ##.....
 Airstrike                Air            #.........   83%         4    ####...
 Animate Dead             Necr           N/A          83%         4    ####...
 Hailstorm                Conj/Ice       #.......     83%         4    ####...
 Passage of Golubria      Tloc           N/A          83%         4    ####...
 Petrify                  Tmut/Erth      #.......     83%         4    ####...
 Summon Ice Beast         Ice/Summ       #.......     83%         4    ####...
 Summon Lightning Spire   Summ/Air       #.......     83%         4    ####...
 Agony                    Necr           #.......     99%         5    #####..
 Alistair's Intoxication  Tmut/Pois      #.......     99%         5    #####..
 Irradiate                Conj/Tmut      #.........   99%         5    #####..
 Lee's Rapid Deconstruct  Erth           #.........   99%         5    #####..
 Lightning Bolt           Conj/Air       #.........   99%         5    #####..
 Hydra Form               Tmut           #.........   100%        6    #######
 Statue Form              Tmut/Erth      #........    100%        6    #######
 Dragon Form              Tmut           #.........   100%        7    #######


Dungeon Overview and Level Annotations

Branches:
Dungeon (15/15)            Temple (1/1) D:5            Lair (6/6) D:8
  Swamp (0/4) Lair:4        Snake (4/4) Lair:3        Slime (0/5) Lair:6
    Orc (2/2) D:10            Elf (0/3) Orc:2        Vaults (0/5) D:14
 Depths (0/5) D:15          Sewer (visited)           IceCv (visited)

Altars:
Ashenzari
Cheibriados
Dithmenos
Elyvilon
Fedhas
Gozag
Hepliaklqana
Kikubaaqudgha
Makhleb
Nemelex Xobeh
Okawaru
Qazlal
Ru
Sif Muna
Trog
Uskayaw
Vehumet
Wu Jian
Xom
Yredelemnul
Zin
The Shining One
Jiyva

Shops:
D:10 (   D:11 !   D:13 %(*   Orc:2 [??*!   Snake:3 (=[([

Portals:
Trove: D:15 (give horn of Geryon)

Annotations:
D:13 3 runed translucent doors, exclusion: bone dragon, Ezxuel's ghost, journeyman TrMo
Lair:3 exclusion: 2 oklob plants
Lair:6 1 runed translucent door, Xiguana's ghost, journeyman OgVM
Snake:3 1 runed translucent door, Ecerph's ghost, journeyman MiAK


Innate Abilities, Weirdness & Mutations

You are small and have problems with some larger weapons.
You are carnivorous and can eat meat at any time.


Message History

* * * LOW HITPOINT WARNING * * *
The nagaraja constricts you.
You escape the nagaraja's grasp.
The guardian serpent hits you.
* * * LOW HITPOINT WARNING * * *
The nagaraja spits poison at you.
The splash of poison hits you but does no damage.
You resist. The guardian serpent misses you. The naga spits poison at you.
The splash of poison misses you.
The nagaraja hits you but does no damage.
The nagaraja grabs you.
* * * LOW HITPOINT WARNING * * *
The nagaraja constricts you.
The guardian serpent hits you but does no damage.
Unknown command.
The nagaraja's grasp on you weakens, but your attempt to escape fails.
You feel sick. The nagaraja hits you with a +0 spear.
* * * LOW HITPOINT WARNING * * *
x2 The nagaraja constricts you.
The guardian serpent hits you!!
You die...

..............####.##..##..).....
###.##.###)##.####.##([##........
.....#.....#........#..)'.)......
.....#.....'............#..).....
#....#.############...##).)######
##...+.# #......)).....# ##..#.#
#.............# ####.# ..
#......)).....# #...# ...
#@N#....)#....# #...#
...##NS(......)...# #...#
....##.(......#..## ###...#
.....###...⌠....## ##.....#
......#.........# #......#
....#........#....# #......#
...........#........ #......#
#......#(............ ##.....#
##...................


You could see a nagaraja, a guardian serpent and a naga.

Vanquished Creatures
  Jorgrun (D:15)
  Rupert (Orc:2)
  7 nagarajas
  An ironheart preserver (D:14)
  Azrael (D:14)
  A white draconian (IceCv)
  A fire dragon (Lair:6)
  Josephine (D:15)
  4 ogre magi (Orc:2)
  23 naga warriors
  10 hydras
  2 centaur warriors (D:13)
  A catoblepas (Lair:6)
  19 two-headed ogres
  12 anacondas
  A vampire mage (D:15)
  A death yak (IceCv)
  19 naga sharpshooters
  Urug (D:11)
  4 shock serpents
  Nergalle (Lair:2)
  2 skeletal warriors (D:15)
  5 sea snakes (Snake:2)
  A storm dragon skeleton (D:15)
  A swamp dragon (Lair:6)
  2 salamander mystics (Snake:3)
  A golden dragon zombie (D:15)
  An unseen horror (D:15)
  11 naga ritualists
  2 orc knights (Orc:2)
  2 wolf spider zombies
  A tengu zombie (D:15)
  12 mana vipers
  An orc sorcerer (Orc:2)
  2 deep elf magi
  A necromancer (D:15)
  7 ugly things
  A cyclops (D:12)
  8 salamanders
  A tengu skeleton (D:15)
  2 wolf spiders (Lair:6)
  17 elephants
  36 black mambas
  5 guardian serpents
  A guardian serpent (shapeshifter) (D:14)
  An ice statue (IceCv)
  2 gargoyles
  29 naga magi
  16 spiny frogs
  2 kobold demonologists (D:15)
  5 komodo dragons (Lair:6)
  A rime drake (Lair:6)
  18 polar bears (IceCv)
  9 trolls
  3 hornets
  2 bog bodies (Lair:4)
  A meliai zombie (D:13)
  6 dream sheep (Lair:6)
  Sigmund (D:5)
  10 hippogriffs
  2 shadows
  9 wyverns
  2 centaur simulacra (D:14)
  52 yaks
  3 redbacks (Lair:6)
  7 wraiths
  2 hungry ghosts
  A steam dragon (Lair:6)
  2 fire elementals (D:14)
  4 basilisks
  3 vampire mosquitoes (D:14)
  3 wargs
  4 acid dragons
  60 nagas
  25 water moccasins
  3 hell hounds (D:14)
  2 soldier ants (D:14)
  3 swamp worms (Lair:4)
  12 porcupines
  A swamp drake (Lair:6)
  An ice beast (D:9)
  2 eyes of draining
  3 sky beasts
  3 hornet zombies
  20 orc warriors
  A phantom (D:3)
  A necrophage (D:13)
  36 ogres
  14 centaurs
  20 wolves
  10 crocodiles
  4 big kobolds
  Blork the orc (D:5)
  21 bullfrogs
  4 scorpions
  A wyvern skeleton (D:8)
  28 wights
  6 electric eels
  14 howler monkeys
  2 crimson imps
  5 lava snakes (D:9)
  5 hounds
  2 jellies
  10 centaur zombies
  28 orc wizards
  8 orc priests
  15 centaur skeletons
  2 bullfrog skeletons (D:8)
  5 iguanas
  Natasha (thrice) (D:2)
  Terence (D:2)
  11 worker ants
  Ijyb (D:5)
  A hound zombie (D:7)
  3 hound skeletons
  A worker ant zombie (D:7)
  4 gnolls
  A river rat (D:3)
  26 adders
  4 shadow imps
  12 white imps (Orc:2)
  An ooze (D:1)
  2 adder skeletons
  3 worms
  4 dart slugs
  4 leopard geckos
  92 orcs
  12 ball pythons
  3 bats
  5 giant cockroaches
  13 goblins
  7 hobgoblins
  17 jackals
  25 kobolds
  A quokka (D:6)
  10 frilled lizards
  A giant cockroach zombie (D:5)
  A jackal zombie (D:5)
  A leopard gecko skeleton (D:4)
  4 quokka skeletons
  7 rats
  A fire vortex (D:14)
1095 creatures vanquished.

Vanquished Creatures (others)
  A yak (IceCv)
  A dancing weapon (D:11)
  4 wolves (IceCv)
  2 centaurs
  26 fungi
  83 plants
  4 withered plants
121 creatures vanquished.

Grand Total: 1216 creatures vanquished

Notes
Turn   | Place    | Note
-------+----------+-------------------------------------------
     0 | D:1      | tilp the Kobold Arcane Marksman began the quest for the
                  | Orb.
     0 | D:1      | Reached XP level 1. HP: 12/12 MP: 2/2
   233 | D:1      | Reached skill level 3 in Crossbows
   321 | D:1      | Reached XP level 2. HP: 12/16 MP: 0/3
   329 | D:1      | Learned a level 2 spell: Slow
  1065 | D:1      | Reached skill level 4 in Crossbows
  1065 | D:1      | Reached XP level 3. HP: 20/20 MP: 4/4
  1687 | D:2      | Found an opulent altar of Gozag.
  1690 | D:2      | Found a radiant altar of Vehumet.
  1690 | D:2      | Found a sparkling altar of Nemelex Xobeh.
  1693 | D:2      | Found a shimmering altar of Xom.
  1694 | D:2      | Found a white marble altar of Elyvilon.
  1697 | D:2      | Noticed Natasha
  1987 | D:2      | Reached XP level 4. HP: 23/25 MP: 5/5
  2245 | D:2      | Noticed Terence
  2261 | D:2      | Reached skill level 5 in Crossbows
  3047 | D:3      | Found a glowing drain.
  3058 | D:3      | Reached XP level 5. HP: 29/29 MP: 6/6
  3086 | Sewer    | Entered a sewer
  3094 | Sewer    | Reached skill level 6 in Crossbows
  4291 | D:3      | Reached XP level 6. HP: 35/37 MP: 7/7
  4377 | D:3      | Found a glowing golden altar of the Shining One.
  4961 | D:4      | Noticed a phantom
  5439 | D:4      | Reached XP level 7. HP: 43/43 MP: 10/10
  6121 | D:4      | Reached skill level 5 in Hexes
  6582 | D:5      | Entered Level 5 of the Dungeon
  6582 | D:5      | Noticed Ijyb
  6750 | D:5      | Reached skill level 1 in Stealth
  6750 | D:5      | Reached XP level 8. HP: 29/48 MP: 11/11
  7100 | D:5      | Noticed Sigmund
  7109 | D:5      | Found a hide-covered altar of Uskayaw.
  7404 | D:5      | Noticed Blork the orc
  7508 | D:5      | Found a staircase to the Ecumenical Temple.
  7534 | D:5      | Killed Blork the orc
  7534 | D:5      | Reached skill level 5 in Fighting
  7653 | D:5      | HP: 2/49 [ogre/+0 giant spiked club (32)]
  7674 | Temple   | Entered the Ecumenical Temple
  8127 | Temple   | Became a worshipper of Warmaster Okawaru
  8180 | D:5      | Found a shattered altar of Ashenzari.
  8274 | D:5      | Reached skill level 5 in Dodging
  8885 | D:6      | Reached XP level 9. HP: 55/55 MP: 12/12
  8993 | D:6      | Reached * piety under Okawaru
  8993 | D:6      | Reached skill level 1 in Invocations
  8993 | D:6      | Reached skill level 1 in Evocations
  9372 | D:6      | Got a pitted leather armour
 10238 | D:7      | Found a stormy altar of Qazlal.
 10603 | D:8      | Found a glowing silver altar of Zin.
 10686 | D:8      | Identified the +3 leather armour of Lilacs {Str+2 Slay+2}
                  | (You found it on level 6 of the Dungeon)
 10785 | D:8      | Reached skill level 5 in Invocations
 10917 | D:8      | Reached ** piety under Okawaru
 11241 | D:8      | Reached skill level 7 in Crossbows
 11316 | D:8      | Reached XP level 10. HP: 48/60 MP: 14/14
 11418 | D:8      | Reached skill level 8 in Crossbows
 11663 | D:8      | Found a staircase to the Lair.
 11748 | D:8      | Reached skill level 9 in Crossbows
 12081 | D:9      | Found a burning altar of Makhleb.
 12107 | D:9      | Learned a level 3 spell: Portal Projectile
 12112 | D:9      | Learned a level 4 spell: Cause Fear
 12116 | D:9      | Learned a level 3 spell: Tukima's Dance
 12124 | D:9      | Noticed a green death
 12186 | D:9      | Reached skill level 10 in Crossbows
 12673 | D:9      | Reached *** piety under Okawaru
 12835 | D:9      | Reached skill level 5 in Stealth
 13776 | D:9      | Upgraded the game from 0.25-a0-890-g62861fb195 to
                  | 0.25-a0-930-g9f5dfa9815
 13804 | D:10     | Entered Level 10 of the Dungeon
 13804 | D:10     | Found Tuogae's Weapon Emporium.
 14454 | D:10     | Reached XP level 11. HP: 68/68 MP: 15/15
 14493 | D:10     | Found a staircase to the Orcish Mines.
 14807 | D:10     | Reached **** piety under Okawaru
 16080 | D:11     | Noticed a centaur warrior
 16406 | D:11     | Noticed a two-headed ogre
 16406 | D:11     | a centaur warrior changed into a two-headed ogre
 16562 | D:10     | Killed a two-headed ogre
 16562 | D:10     | Reached ***** piety under Okawaru
 16761 | D:11     | Noticed Urug
 16804 | D:11     | Killed Urug
 16804 | D:11     | Reached skill level 10 in Dodging
 17243 | D:11     | Found Rotruynk's Distillery.
 17251 | D:11     | Bought a potion of curing for 48 gold pieces
 17251 | D:11     | Bought a potion of curing for 48 gold pieces
 17251 | D:11     | Bought a potion of heal wounds for 80 gold pieces
 17251 | D:11     | Bought a potion of lignification for 48 gold pieces
 17275 | D:11     | Received a gift from Okawaru
 17276 | D:11     | Got a smoking hat {god gift}
 17283 | D:11     | Identified the +0 hat of Zinack Ceuck {rElec} (Okawaru
                  | gifted it to you on level 11 of the Dungeon)
 17419 | D:11     | Reached skill level 10 in Fighting
 18492 | D:11     | Reached skill level 5 in Evocations
 18501 | D:11     | Reached XP level 12. HP: 32/77 MP: 16/16
 19125 | D:5      | Killed Ijyb
 19257 | D:5      | Killed Sigmund
 19506 | D:2      | Killed Natasha
 19579 | D:2      | Killed Terence
 20151 | D:2      | Noticed Natasha
 20154 | D:2      | Killed Natasha
 20261 | D:2      | Noticed Natasha
 20266 | D:2      | Killed Natasha
 20458 | Lair:1   | Entered Level 1 of the Lair of Beasts
 21381 | Lair:1   | Noticed a six-headed hydra
 21391 | Lair:1   | Killed a six-headed hydra
 22347 | Lair:2   | Noticed a five-headed hydra
 22359 | Lair:2   | Killed a five-headed hydra
 22359 | Lair:2   | Received a gift from Okawaru
 22535 | Lair:2   | Found a glowing silver altar of Zin.
 22585 | Lair:2   | Noticed Nergalle
 23176 | Lair:2   | Received a gift from Okawaru
 23223 | Lair:2   | Got a translucent chain mail {god gift}
 23911 | Lair:2   | Killed Nergalle
 23911 | Lair:2   | Reached skill level 10 in Invocations
 23911 | Lair:2   | Reached XP level 13. HP: 43/82 MP: 17/20
 24215 | Lair:2   | Identified the +7 chain mail "Ahualeyst" {MR+ Stlth+}
                  | (Okawaru gifted it to you on level 2 of the Lair of Beasts)
 24261 | Lair:3   | Reached skill level 1 in Polearms
 24308 | Lair:3   | Found a staircase to the Snake Pit.
 24309 | Lair:3   | Noticed a six-headed hydra
 24340 | Lair:3   | Killed a six-headed hydra
 25847 | Lair:4   | Reached skill level 5 in Polearms
 26516 | Lair:4   | Got a pitted quarterstaff
 26633 | Lair:4   | Identified the +4 quarterstaff "Vezimm" {freeze, *Rage rF+
                  | rC+ Str+4} (You found it on level 4 of the Lair of Beasts)
 26788 | Lair:4   | Found a staircase to the Swamp.
 26970 | Lair:4   | Identified a scroll of acquirement
 27607 | Lair:5   | Learned a level 2 spell: Ensorcelled Hibernation
 27626 | Lair:6   | Entered Level 6 of the Lair of Beasts
 27804 | Lair:6   | Received a gift from Okawaru
 27814 | Lair:6   | Noticed a four-headed hydra
 27828 | Lair:5   | Reached ****** piety under Okawaru
 27883 | Lair:6   | Killed a four-headed hydra
 27896 | Lair:6   | Received a gift from Okawaru
 28138 | Lair:6   | Found a viscous altar of Jiyva.
 28138 | Lair:6   | Found a staircase to the Slime Pits.
 28172 | Lair:6   | Reached skill level 11 in Crossbows
 28174 | Lair:6   | Noticed a five-headed hydra
 28181 | Lair:6   | Killed a five-headed hydra
 28181 | Lair:6   | Reached XP level 14. HP: 88/88 MP: 21/21
 28303 | Lair:6   | Reached skill level 12 in Crossbows
 29217 | Lair:6   | Reached skill level 13 in Crossbows
 29537 | Lair:6   | Reached skill level 14 in Crossbows
 29630 | Lair:6   | Received a gift from Okawaru
 30053 | Lair:6   | Received a gift from Okawaru
 30625 | Lair:6   | Found a runed translucent door.
 30628 | Lair:6   | Noticed Xiguana's ghost (journeyman OgVM)
 30896 | Lair:6   | Received a gift from Okawaru
 30897 | Lair:6   | Got a slimy broad axe {god gift}
 31090 | Lair:6   | Identified the +9 broad axe of Teorchuonai {vorpal,
                  | *Corrode rPois rN+++ Stlth-} (Okawaru gifted it to you on
                  | level 6 of the Lair of Beasts)
 32478 | Orc:1    | Entered Level 1 of the Orcish Mines
 32925 | Orc:2    | Entered Level 2 of the Orcish Mines
 32925 | Orc:2    | Found Hyntob's Armour Emporium.
 32992 | Orc:2    | Found a frozen archway.
 33016 | Orc:2    | Reached XP level 15. HP: 90/96 MP: 18/22
 33079 | Orc:2    | Received a gift from Okawaru
 33204 | Orc:2    | Received a gift from Okawaru
 33230 | Orc:2    | Noticed Rupert
 33250 | Orc:2    | Killed Rupert
 33431 | IceCv    | Entered an ice cave
 33685 | IceCv    | Received a gift from Okawaru
 33686 | IceCv    | Found the +9 heavy crossbow "Sniper" {vorpal, Acc+∞ SInv}
 34258 | IceCv    | Reached skill level 15 in Crossbows
 35367 | Orc:2    | Received a gift from Okawaru
 35379 | Orc:2    | Reached skill level 16 in Crossbows
 35444 | Orc:2    | Received a gift from Okawaru
 35445 | Orc:2    | Got a pair of fine gloves {god gift}
 35456 | Orc:2    | Identified the +2 pair of gloves of the Tundras {*Drain
                  | rC++} (Okawaru gifted it to you on level 2 of the Orcish
                  | Mines)
 35677 | Orc:2    | Found a staircase to the Elven Halls.
 35855 | Orc:2    | Reached XP level 16. HP: 101/101 MP: 23/25
 35906 | Orc:2    | Found Kugolyof's Magic Scroll Emporium.
 35906 | Orc:2    | Found Erufy's Magic Scroll Boutique.
 35907 | Orc:2    | Found Xucakh's Distillery.
 35907 | Orc:2    | Found Boezug's General Store.
 36163 | Orc:2    | HP: 5/101 [orc warrior/boomerang[an orc knight] (7)]
 36166 | Orc:2    | HP: 1/101 [orc warrior/boomerang[an orc knight] (5)]
 36668 | Orc:1    | Found a radiant altar of Vehumet.
 36838 | Orc:1    | You fall into a shaft and drop 1 floor!
 37450 | D:12     | Reached skill level 17 in Crossbows
 37951 | D:12     | Found a white marble altar of Elyvilon.
 38838 | D:13     | Reached skill level 18 in Crossbows
 38893 | D:13     | Noticed a bone dragon
 38894 | D:13     | Found the +9 sword of Zonguldrok {reap}
 39017 | D:13     | Noticed Ezxuel's ghost (journeyman TrMo)
 39031 | D:13     | Found Ixenuuf's Food Emporium.
 39087 | D:13     | Found a runed translucent gate.
 39087 | D:13     | Found a runed translucent gate.
 39098 | D:13     | Found a runed translucent gate.
 39178 | D:13     | Found Pucagaeku's Assorted Antiques.
 39249 | D:13     | Received a gift from Okawaru
 39257 | D:13     | Found Irihum's Antique Weapon Emporium.
 39547 | D:13     | Bought a murky purple potion for 23 gold pieces
 39632 | D:14     | Received a gift from Okawaru
 39979 | D:14     | Received a gift from Okawaru
 40301 | D:14     | Found a gate to the Vaults.
 40515 | D:14     | Reached skill level 10 in Polearms
 40691 | D:14     | Noticed Azrael
 40711 | D:14     | Killed Azrael
 41130 | D:15     | Entered Level 15 of the Dungeon
 41476 | D:15     | Noticed Josephine
 41495 | D:15     | Killed Josephine
 41679 | D:15     | Reached XP level 17. HP: 85/106 MP: 24/26
 41851 | D:15     | Received a gift from Okawaru
 41922 | D:15     | Found a staircase to the Depths.
 42042 | D:15     | Noticed Jorgrun
 42069 | D:15     | Killed Jorgrun
 42178 | D:15     | Found a portal to a secret trove of treasure.
 42686 | D:13     | Bought a wand of paralysis (5) for 52 gold pieces
 42686 | D:13     | Bought a potion of heal wounds for 130 gold pieces
 42885 | Orc:2    | Bought a potion of heal wounds for 70 gold pieces
 42886 | Orc:2    | Bought a scroll of enchant weapon for 90 gold pieces
 42886 | Orc:2    | Bought a scroll of blinking for 90 gold pieces
 42888 | Orc:2    | Bought 3 scrolls of enchant armour for 292 gold pieces
 43101 | Snake:1  | Entered Level 1 of the Snake Pit
 43472 | Snake:1  | Received a gift from Okawaru
 44214 | Snake:1  | Received a gift from Okawaru
 44355 | Snake:1  | Got an ichor-stained ring mail {god gift}
 44366 | Snake:1  | Identified the +4 ring mail of the Clam {-Tele Regen+
                  | Dex+3} (Okawaru gifted it to you on level 1 of the Snake
                  | Pit)
 44915 | Snake:2  | Reached skill level 5 in Spellcasting
 45983 | Snake:2  | Reached skill level 10 in Hexes
 47109 | Snake:3  | Found Xissirch's Weapon Boutique.
 47237 | Snake:3  | Reached XP level 18. HP: 112/112 MP: 27/27
 47240 | Snake:3  | Received a gift from Okawaru
 48857 | Snake:3  | Found Jufex's Armour Emporium.
 48861 | Snake:3  | Found Yneruvan's Weapon Emporium.
 48861 | Snake:3  | Found Ofetwad's Armour Shoppe.
 48865 | Snake:3  | Found Simow's Jewellery Shoppe.
 48875 | Snake:3  | Bought an uncursed ring of see invisible for 270 gold
                  | pieces
 49525 | Snake:3  | Found a runed translucent door.
 49526 | Snake:3  | Noticed Ecerph's ghost (journeyman MiAK)
 49646 | Snake:4  | Entered Level 4 of the Snake Pit
 50722 | Snake:4  | Received a gift from Okawaru
 52822 | Snake:4  | Reached XP level 19. HP: 100/119 MP: 28/28
 53706 | Snake:4  | Got a pair of faintly glowing gloves {god gift}
 53717 | Snake:4  | Identified the +1 pair of gloves of the Equator {rF+}
                  | (Okawaru gifted it to you on level 4 of the Snake Pit)
 54067 | Snake:4  | Slain by a guardian serpent

Levels and vault maps discovered:
D:1:      evilmike_arrival_hilbert_curve, layout_basic
D:2:      layout_loops_ring, grunt_temple_overflow_open, chequers_mini_garden,
          uniq_terence, uniq_natasha
D:3:      cheibrodos_greedy_goblins, layout_loops_ring, tso_altar,
          gup_sewer_entry_bubbles
D:4:      layout_loops_ring, kennysheep_decorative_pillar, minmay_snake_closets
D:5:      layout_basic, lemuel_round_altar, minmay_temple_entry_large_hall,
          first_ration, minmay_misc_feat_rows, ashenzari_altar_1, uniq_sigmund,
          uniq_ijyb, uniq_blork_the_orc
D:6:      layout_gridville, serial_glass, glass_columns_a, glass_columns_c
D:7:      layout_cave_pools, grunt_qazlal_clouds, grunt_ogre_cave
D:8:      layout_basic, zin_academy, grunt_lair_entry_orc_guard_hut
D:9:      layout_small_grid, makhleb_altar_promises_db, kennysheep_boxes
D:10:     layout_rooms, orc_0_dummy, serial_shops, shop
D:11:     layout_gridville, serial_shops, shop, uniq_urug
D:12:     layout_loops_corners, david_defended_altar_elf
D:13:     layout_basic, serial_shops, nicolae_shop_overgrown_old_shop, shop,
          shop, gammafunk_ghost_split, minmay_guarded_unrand_zonguldrok
D:14:     layout_irregular_city, skrybe_vaults_entry_preservation,
          kennysheep_generic_room_2, uniq_azrael
D:15:     gammafunk_depths_entry_grave, layout_irregular_city,
          bh_walls_and_bars, nicolae_trove_entry_diagonal, fountainhead,
          uniq_jorgrun, uniq_josephine
Temple:   minmay_temple_bridge_abc
Lair:1:   layout_regular_city
Lair:2:   layout_hall_layers, basic_altar, columned_hall_lemuel,
          infiniplex_staircase_pool, uniq_nergalle
Lair:3:   layout_long_grid, minmay_snake_entry_six_corridors,
          minmay_lair_oklob_chamber, grunt_megastairs_2,
          infiniplex_staircase_pool_2
Lair:4:   layout_loops_ring, nicolae_swamp_entry_splash_gauntlet,
          minmay_stone_trees_small, chequers_serial_rivers_room_a, minivault_27
Lair:5:   layout_concentric_octagons, chequers_serial_rivers_micro_b
Lair:6:   hangedman_lair_tendril_chambers, layout_regular_city,
          guppyfry_lair_end_dragon, slime_altar_1,
          hellmonk_ghost_happy_afterlife
Snake:1:  layout_misc_corridors
Snake:2:  layout_gridlike, serial_bayou_lake_a, grunt_megastairs_1
Snake:3:  layout_rooms, serial_shops, nicolae_shop_stone, gammafunk_ghost_grave,
          lemuel_fruit_tree, minmay_shoptagon
Snake:4:  snake_pit, layout_gridlike, statue_in_the_mist_lemuel,
          hangedman_snake_pattern
Orc:1:    layout_caves, basic_altar
Orc:2:    st_orc_ogre_mass, layout_caves, serial_shops, shop,
          portal_ice_cave_entry_imps, uniq_rupert

Skill      XL: |  1  2  3  4  5  6  7  8  9 10 11 12 13 14 15 16 17 18 19 |
---------------+----------------------------------------------------------+-----
Crossbows      | 3 4 5 6 7 10 11 14 16 18 | 18.0
Fighting       | 3 4 6 7 10 12 13 14 | 14.3
Spellcasting   | 2 3 4 6 |  6.0
Hexes          | 4 6 8 10 | 10.0
Stealth        | 1 4 6 8 |  8.0
Dodging        | 5 6 7 10 11 12 | 12.0
Invocations    | 6 10 12 | 12.0
Evocations     | 4 5 8 |  8.0
Polearms       | 8 10 12 14 | 14.0

Action                   |  1- 3 |  4- 6 |  7- 9 | 10-12 | 13-15 | 16-18 | 19-21 || total
-------------------------+-------+-------+-------+-------+-------+-------+-------++-------
Melee: Dagger            |    97 |   285 |   287 |   478 |       |       |       ||  1147
       Flail             |       |       |     9 |       |       |       |       ||     9
       Demon trident     |       |       |       |   196 |   920 |   566 |       ||  1682
 Fire: Hand crossbow     |    18 |   126 |   109 |   405 |    56 |       |       ||   714
       Arbalest          |       |       |       |       |   427 |  1120 |   148 ||  1695
       Heavy crossbow    |       |       |       |       |       |     5 |       ||     5
Throw: Dart              |       |       |       |     1 |     3 |       |       ||     4
 Cast: Corona            |    11 |     9 |     1 |     6 |     2 |     1 |       ||    30
       Slow              |       |       |     4 |    19 |    17 |    10 |       ||    50
       Tukima's Dance    |       |       |       |     2 |       |       |       ||     2
       Portal Projectile |       |       |       |       |       |     2 |       ||     2
       Cause Fear        |       |       |       |       |       |     1 |       ||     1
Invok: Heroism           |       |       |       |     6 |    14 |     5 |       ||    25
       Finesse           |       |       |       |       |     4 |     1 |       ||     5
Evoke: Wand              |       |       |       |     3 |       |     8 |       ||    11
  Use: Scroll            |       |     7 |     8 |    12 |    11 |    15 |     1 ||    54
       Potion            |       |     1 |     1 |     3 |     2 |     1 |       ||     8
 Stab: Sleeping          |       |       |     3 |     1 |     1 |     4 |       ||     9
       Distracted        |       |       |       |       |     2 |     3 |       ||     5
  Eat: Chunk             |    11 |    13 |    29 |    48 |    41 |    33 |     6 ||   181
       Ration            |       |       |       |     1 |       |     6 |       ||     7
Armor: Leather armour    |    17 |    61 |    59 |   204 |   242 |   220 |    23 ||   826
       Robe              |       |       |       |       |    55 |    13 |       ||    68
Dodge: Dodged            |    60 |   168 |   265 |   824 |  1114 |   814 |    55 ||  3300
Block: Other             |       |       |       |       |   152 |   144 |     5 ||   301
       Reflection        |       |       |       |       |     4 |    17 |     2 ||    23

Table legend:
 A = Non-vault XP
 B = Vault XP
 C = Vault XP percentage of total XP
 D = Non-vault monster count
 E = Vault monster count
 F = Vault count percentage of total count
                 A         B        C        D         E       F
            +---------+---------+-------+---------+---------+-------
      Total |  174654 |  110931 |  38.8 |     762 |     334 |  30.5
            +---------+---------+-------+---------+---------+-------
        D:1 |      36 |       0 |   0.0 |      17 |       0 |   0.0
        D:2 |     123 |      72 |  36.9 |      16 |       2 |  11.1
        D:3 |     243 |      59 |  19.5 |      27 |      15 |  35.7
        D:4 |     424 |      73 |  14.7 |      32 |      10 |  23.8
        D:5 |    1069 |     378 |  26.1 |      25 |       3 |  10.7
        D:6 |     638 |       0 |   0.0 |      17 |       0 |   0.0
        D:7 |     237 |     122 |  34.0 |       5 |       1 |  16.7
        D:8 |    1020 |     691 |  40.4 |      21 |       5 |  19.2
        D:9 |    2215 |       0 |   0.0 |      42 |       0 |   0.0
       D:10 |    3814 |       0 |   0.0 |      44 |       0 |   0.0
       D:11 |    4896 |     694 |  12.4 |      38 |       1 |   2.6
       D:12 |    6087 |     563 |   8.5 |      49 |       1 |   2.0
       D:13 |    7242 |    6477 |  47.2 |      33 |      16 |  32.7
       D:14 |    8485 |    6128 |  41.9 |      27 |      17 |  38.6
       D:15 |    3414 |   10864 |  76.1 |      16 |      15 |  48.4
     Lair:1 |    4555 |       0 |   0.0 |      17 |       0 |   0.0
     Lair:2 |    5717 |    1262 |  18.1 |      24 |       3 |  11.1
     Lair:3 |    3481 |    1380 |  28.4 |      10 |      11 |  52.4
     Lair:4 |    2223 |    1071 |  32.5 |       8 |       6 |  42.9
     Lair:5 |    5142 |     508 |   9.0 |      22 |       3 |  12.0
     Lair:6 |   15914 |   14295 |  47.3 |      42 |      53 |  55.8
    Snake:1 |   14598 |       0 |   0.0 |      26 |       0 |   0.0
    Snake:2 |   24516 |    3226 |  11.6 |      53 |       6 |  10.2
    Snake:3 |   30709 |     169 |   0.5 |      57 |       1 |   1.7
    Snake:4 |   21354 |   29830 |  58.3 |      38 |      43 |  53.1
      Orc:1 |    1739 |       0 |   0.0 |      26 |       0 |   0.0
      Orc:2 |    4763 |   21477 |  81.8 |      30 |      55 |  64.7
      Sewer |       0 |      45 | 100.0 |       0 |      19 | 100.0
      IceCv |       0 |   11547 | 100.0 |       0 |      48 | 100.0
            +---------+---------+-------+---------+---------+-------
